 Dungeon Crawl Stone Soup version 0.31-a0-345-g1ebeae05c6 (webtiles) character file.

Game seed: 9527165732118339823

384 drugrobin the Cudgeller (level 6, -2/50 HPs)
             Began as a Demigod Delver on July 22, 2023.
             Splashed by a jelly's acid (10 damage)
             ... on level 5 of the Dungeon.
             The game lasted 00:11:03 (3647 turns).

drugrobin the Cudgeller (Demigod Delver)            Turns: 3647, Time: 00:11:06

Health: -2/50      AC:  0    Str: 17    XL:     6   Next: 23%
Magic:  8/8        EV: 11    Int: 12    God:
Gold:   187        SH:  0    Dex: 19    Spells: 5/5 levels left

rFire   . . .        a - +2 dagger (elec)
rCold   . . .        (no shield)
rNeg    . . .        h - +3 ring mail "Jeut" {rPois}
rPois   +            (no helmet)
rElec   .            (no cloak)
rCorr   .            (no gloves)
SInv    .            (no boots)
Will    .....        r - amulet of regeneration
Stlth   ++           (no ring)
HPRegen 1.08/turn    (no ring)
MPRegen 0.11/turn

%: no passive effects
@: corroded
A: high MP 1, forlorn, divine attributes
a: no special abilities


You were on level 5 of the Dungeon.
You visited 2 branches of the dungeon, and saw 6 of its levels.

You collected 187 gold pieces.

Inventory:

Hand Weapons
 a - a +2 dagger of electrocution (weapon)
 b - a +0 whip
 z - a +0 mace
Missiles
 p - 4 boomerangs (quivered)
 q - 22 poisoned darts
Armour
 h - the +3 ring mail "Jeut" (worn) {rPois}
   (You found it on level 2 of the Dungeon)

   rPois:     It protects you from poison.
 y - a +0 cloak
Jewellery
 r - an amulet of regeneration (around neck)
Wands
 g - a wand of digging (3)
 l - a wand of iceblast (10)
 m - a wand of flame (20)
Scrolls
 c - a scroll of fog
 d - a scroll of revelation
 j - 5 scrolls of blinking {unknown}
 k - 4 scrolls of identify {unknown}
 n - a scroll of teleportation {unknown}
 o - a scroll of torment {unknown}
 w - a scroll of enchant armour {unknown}
Potions
 e - a potion of heal wounds {unknown}
 f - a potion of haste
 i - a potion of ambrosia {unknown}
 s - a potion of attraction {unknown}
 t - a potion of might {unknown}
 u - 3 potions of curing {unknown}
 v - a potion of mutation {unknown}
 x - a potion of degeneration {unknown}


   Skills:
 - Level 2.6 Fighting
 + Level 5.6 Maces & Flails
 - Level 1.7 Dodging
 - Level 4.5 Stealth
 + Level 2.6 Evocations


You had 5 spell levels left.
You didn't know any spells.
Your spell library was empty.

Dungeon Overview and Level Annotations

Branches:
Dungeon (5/15)             Temple (1/1) D:4

Annotations:
D:2 Terence
D:4 3 runed translucent doors, SirDiesAlot's ghost, amateur OpIE


Innate Abilities, Weirdness & Mutations

You have an increased reservoir of magic. (+10% MP)
You shall have no god before yourself.
Your divine heritage dramatically boosts your attributes as you level up.


Message History

SirDiesAlot's ghost turns its malevolent gaze towards you.
The orc priest shouts!
SirDiesAlot's ghost whispers, "There is no future for you."
Could not explore, unopened runed door.
Could not explore, unopened runed door.
Could not explore, unopened runed door.
Could not explore, unopened runed door.
There is a stone staircase leading down here.
Unknown command.
You climb downwards.
The jackal barely misses you. The jackal closely misses you.
The jelly closely misses you.
There is a stone staircase leading up here.
Unknown command.
Unknown command.
You hit the jelly. The acid corrodes you!
Your hands burn!
The jelly is lightly wounded.
The jackal barely misses you. The jelly closely misses you.
The jackal bites you but does no damage.
You hit the jelly but do no damage.
Your hands burn!
The jelly is lightly wounded.
The jackal barely misses you. The jelly hits you but does no damage.
You hit the jelly but do no damage. The acid corrodes you!
Your hands burn!
The jelly is lightly wounded.
The jackal bites you. The jelly misses you. The jackal bites you.
You hit the jelly but do no damage.
Your hands burn!
The jelly is lightly wounded.
The jelly hits you. The acid corrodes you!
You are splashed with acid!
The jackal closely misses you.
You hit the jelly but do no damage. Lightning courses through the jelly!!
Your hands burn!
The jelly is severely wounded.
The jackal bites you. The jelly hits you.
You are splashed with acid!
* * * LOW HITPOINT WARNING * * *
You hit the jelly.
Your hands burn!
* * * LOW HITPOINT WARNING * * *
The jelly is severely wounded.
The jackal closely misses you. The jelly hits you.
* * * LOW HITPOINT WARNING * * *
You are splashed with acid!
You die...

......#.......#.....#
......#>......#.....#
......#.......#'#####
###...#.......รท..#
####.##..........###
......########.....###
.............'.......#
..........^..#.....###
.............#.J@###
.............#.h.#
.............#...########
##....########..........##
#...>#..................##
#....#...................##
#....#.......###'####'#...###
#....#.......#...'....#.....#
#....#.......#...#....#.....#


You could see a jelly and a jackal.

Vanquished Creatures
  A scorpion (D:4)
  An orc priest (D:3)
  Natasha (thrice) (D:2)
  3 orc wizards (D:4)
  A gnoll (D:1)
  4 adders
  3 worms
  A dart slug (D:3)
  7 orcs
  6 bats
  5 endoplasms
  4 giant cockroaches
  11 goblins
  7 hobgoblins
  6 jackals
  2 quokkas (D:3)
  9 ball pythons
  3 frilled lizards
  5 kobolds
  5 rats
87 creatures vanquished.

Notes
Turn   | Place    | Note
-------+----------+-------------------------------------------
     0 | D:5      | drugrobin the Demigod Delver began the quest for the Orb.
     0 | D:5      | Reached XP level 1. HP: 18/18 MP: 3/3
    87 | D:5      | Reached skill level 2 in Maces & Flails
   108 | D:4      | Noticed an orc priest
   201 | D:5      | Noticed a jelly
   291 | D:2      | Identified the +3 ring mail "Jeut" {rPois}
   370 | D:2      | Reached XP level 2. HP: 25/25 MP: 4/4
   386 | D:2      | Noticed Terence
   475 | D:1      | Reached skill level 3 in Maces & Flails
   814 | D:1      | Reached XP level 3. HP: 7/30 MP: 5/5
  1421 | D:2      | Noticed Natasha
  1432 | D:2      | Killed Natasha
  1433 | D:2      | Reached skill level 4 in Maces & Flails
  1433 | D:2      | Reached XP level 4. HP: 30/37 MP: 6/6
  1542 | D:2      | Noticed Natasha
  1546 | D:2      | Killed Natasha
  1679 | D:2      | Noticed Natasha
  1687 | D:2      | Killed Natasha
  2196 | D:3      | Reached XP level 5. HP: 37/42 MP: 7/7
  2380 | D:3      | Reached skill level 1 in Evocations
  2798 | D:4      | Reached skill level 5 in Maces & Flails
  2801 | D:4      | Found a runed translucent gate.
  2802 | D:4      | Found a runed translucent gate.
  2802 | D:4      | Noticed SirDiesAlot's ghost (amateur OpIE)
  2803 | D:4      | Found a runed translucent gate.
  2829 | D:4      | Found a staircase to the Ecumenical Temple.
  2842 | Temple   | Entered the Ecumenical Temple
  3282 | D:4      | Reached XP level 6. HP: 35/50 MP: 8/8
  3332 | D:4      | Identified the +0 ring mail of Ushriog {Harm rElec rC+}
  3647 | D:5      | Splashed by a jelly's acid

Illustrated notes

Levels and vault maps discovered:
D:1:      dpeg_arrival_concentric_ovals, layout_basic
D:2:      layout_loops_ring, minmay_tromino_i2, uniq_natasha, uniq_terence
D:3:      layout_loops_ring, nicolae_kikubaaqudgha_miasma_corner
D:4:      layout_rooms, mainiacjoe_overflow_boulevard, kennysheep_little_box,
          minmay_temple_entry_gardened_gates, biasface_ghost_orc_armoury
D:5:      layout_gridville, minmay_overflow_temple_star_hex
Temple:   nicolae_temple_superstar

Skill      XL: |  1  2  3  4  5 |
---------------+----------------+-----
Maces & Flails | 2 3 4 5 |  5.6
Evocations     | 2 |  2.6
Fighting       | |  2.6
Dodging        | |  1.7
Stealth        | |  4.5

Action                     |  1- 3 |  4- 6 || total
---------------------------+-------+-------++-------
  Melee: Mace              |    48 |    29 ||    77
         Whip              |   114 |   173 ||   287
         Punch             |     3 |       ||     3
         Dagger            |       |     6 ||     6
  Throw: Boomerang         |       |    11 ||    11
         Dart              |       |    16 ||    16
  Evoke: Wand              |       |     3 ||     3
    Use: Scroll            |     1 |       ||     1
   Stab: Sleeping          |     6 |     8 ||    14
 Armour: Leather armour    |    13 |       ||    13
         Ring mail         |    56 |    62 ||   118
  Dodge: Dodged            |    79 |    94 ||   173

Table legend: (Time is in decaauts)
 A = Elapsed time spent in this place.
 B = Non-inter-level travel time spent in this place.
 C = Inter-level travel time spent in this place.
 D = Time resting spent in this place.
 E = Time spent auto-exploring this place.
 F = Levels seen in this place.
 G = Mean time per level.
                   A        B        C        D        E       F      G
               +--------+--------+--------+--------+--------+-----+--------+
         Total |   3636 |   3415 |    221 |    161 |   1919 |   6 |  606.0 |
       Dungeon |   3635 |   3414 |    221 |    161 |   1919 |   5 |  727.0 |
        Temple |      1 |      1 |      0 |      0 |      0 |   1 |    1.0 |
               +--------+--------+--------+--------+--------+-----+--------+

Top non-repeatable levels by time:
     D:1: 909 daAuts
     D:3: 906 daAuts
     D:2: 832 daAuts
     D:4: 765 daAuts
     D:5: 221 daAuts
  Temple: 1 daAuts
